 Dungeon Crawl Stone Soup version 0.30-a0-591-g3c58d2bc28 (webtiles) character file.

Game seed: 1088351265022482291

74 MackTheKnife the Gusty (level 4, -1/37 HPs)
             Began as a Barachi Wanderer on Jan 5, 2023.
             Slain by a hound (4 damage)
             ... on level 2 of the Dungeon.
             The game lasted 00:06:43 (2128 turns).

MackTheKnife the Gusty (Barachi Wanderer)           Turns: 2128, Time: 00:06:44

Health: -1/37      AC:  3    Str: 11 (12) XL:     4   Next: 30%
Magic:  1/8        EV: 10    Int: 15 (16) God:
Gold:   64         SH:  0    Dex: 10 (11) Spells: 4/9 levels left

rFire   . . .      SeeInvis .    c - +0 dagger {short}
rCold   . . .      Faith    .    (no shield)
rNeg    . . .      Spirit   .    e - +0 leather armour
rPois   .          Reflect  .    (no helmet)
rElec   .          Harm     .    (no cloak)
rCorr   .          Rampage  .    (no gloves)
Will    +....                    (no boots)
Stlth   +                        (no amulet)
HPRegen 0.26/turn                l - ring of willpower
MPRegen 0.11/turn                n - ring of flight

@: unable to hop, flying, hasted, quick
A: amphibious, slowness 1, strong legs 1, +LOS, hooves 1, robust 1, subdued
magic 1
a: Hop


You were on level 2 of the Dungeon.
You visited 1 branch of the dungeon, and saw 3 of its levels.

You collected 64 gold pieces.


Innate Abilities, Weirdness & Mutations

You are amphibious.
You cover ground slowly.
You can hop short distances.
You have an extended range of vision and can be seen from far away.
You have large cloven feet.
You are robust. (+10% HP)
Your spells are a little easier to cast, but a little less powerful.


   Skills:
 + Level 2.9 Fighting
 - Level 1.2 Armour
 - Level 1.0 Stealth
 + Level 3.1 Spellcasting
 + Level 6.0 Air Magic


You had 4 spell levels left.
You knew the following spells:

 Your Spells              Type           Power      Damage    Failure   Level
a - Shock                 Conj/Air       32%        1d5       6%          1
b - Airstrike             Air            7%         2d(2-18)  19%         4

Your spell library contained the following spells:

 Spells                   Type           Power      Damage    Failure   Level
 Cigotuvi's Dreadful Rot  Necr/Pois/Air  12%        N/A       14%         2
 Sandblast                Erth           2%         2d4       22%         1
 Passwall                 Tmut/Erth      0%         N/A       32%         2
 Stone Arrow              Conj/Erth      2%         3d7       56%         3

Inventory:

Hand Weapons
 c - a +0 dagger (weapon) {short}
   (You found it on level 1 of the Dungeon)
Armour
 e - a +0 leather armour (worn)
   (You found it on level 1 of the Dungeon)
 f - a +0 robe
   (You found it on level 1 of the Dungeon)
 j - a +0 leather armour
   (You found it on level 1 of the Dungeon)
 m - a +0 leather armour
   (You found it on level 2 of the Dungeon)
 o - a +0 robe
   (You found it on level 2 of the Dungeon)
Jewellery
 l - a ring of willpower (left hand)
   (You found it on level 2 of the Dungeon)
 n - a ring of flight (right hand)
   (You found it on level 2 of the Dungeon)
Scrolls
 a - a scroll of magic mapping {!r}
 d - a scroll of fog

Dungeon Overview and Level Annotations

Branches:
Dungeon (3/15) Zot: 15692

Altars:

Annotations:
D:2 Sigmund

...#..######.###.#
......# ## #.# #.#
.###.....# #.# #.#
#...#..#.# #.# #.#
#...#........# #.#
#..###..###### #.#
..#...#..### #.#
..#...#....# #h#
.##...#...## #@#
#..###.###.# #.#
#..........# #.#
#..###.###.# ##.#
.##...#...#####..#
..#...#^..###.).##
..#...#..#....###
#..###).#..####
#...#.....##


You could see a hound.


Message History

Confirm with . or Enter, or press ? or * to list all spells.
Aiming: Shock (safe; 7% risk of failure)
Press: ? - help, Shift-Dir - straight line That beam is likely to hit you.
Continue anyway?
The zap hits the hound.
The zap misses the hound.
The zap hits you.
* * * LOW HITPOINT WARNING * * *
The hound bites you.
* * * LOW HITPOINT WARNING * * *
The hound bites you.
* * * LOW HITPOINT WARNING * * *
😱 HP[-8] MP[-1]
You take 8 damage, and now have 6/34 hp.
MASSIVE DAMAGE!! (PAUSE)
You lost 1 mp, and now have 0/8 mp.
It was a potion of degeneration.
There was something very wrong with that liquid.
You feel weakened.
You feel dopey.
You feel clumsy. The hound bites you.
* * * LOW HITPOINT WARNING * * *
😱 HP[-4]
You take 4 damage, and now have 2/34 hp.
It was a potion of curing.
You feel better. The hound barely misses you.
The hound closely misses you. 😨 HP[+9]
You regained 9 hp, and now have 11/34 hp.
It was a potion of haste.
You feel yourself speed up. The hound bites you.
* * * LOW HITPOINT WARNING * * *
😱 HP[-4]
You take 4 damage, and now have 7/34 hp.
Hop to where?
Press: ? - help, Dir - move target Boing!
The hound bites you.
* * * LOW HITPOINT WARNING * * *
😱 HP[-3]
You take 3 damage, and now have 4/34 hp.
The hound attacks as you move away! The hound barely misses you.
The hound bites you but does no damage. 😱 HP[+1] 😱 MP[+1]
The hound pauses to sniff the ground.
The hound bites you.
* * * LOW HITPOINT WARNING * * *
😱 HP[-1]
You take 1 damage, and now have 4/34 hp.
There is an escape hatch in the ceiling here.
Unknown command.
It was a potion of mutation.
You feel extremely strange.
Your feet thicken and deform.
Your connection to magic feels subdued.
You feel robust. The hound barely misses you.
You now have 37 max hp (+3).
You aren't carrying any items that you can evoke.
Unknown command.
Casting: Shock (safe; 6% risk of failure)
Confirm with . or Enter, or press ? or * to list all spells.
Okay, then.
Unknown command.
You aren't carrying any items that you can evoke.
Unknown command.
A hound is nearby!
Unknown command.
As you read the scroll labelled PIN XIGHAF, it crumbles to dust.
You hear a loud clanging noise!
It was a scroll of noise.
You hear a shout!
As you read the scroll labelled TEIFUA SOJEUNEUN, it crumbles to dust.
It is a scroll of identify.
a - a scroll of magic mapping The hound barely misses you.
You aren't carrying any potions.
Unknown command.
Casting: Shock (safe; 6% risk of failure)
Confirm with . or Enter, or press ? or * to list all spells.
Okay, then.
Unknown command.
Casting: Shock (safe; 6% risk of failure)
Confirm with . or Enter, or press ? or * to list all spells.
Aiming: Shock (safe; 6% risk of failure)
Press: ? - help, Shift-Dir - straight line, f - hound
Aim: a hound (severely wounded, 56% to hit)
The zap hits the hound.
The hound barely misses you. 😱 MP[-1]
You lost 1 mp, and now have 0/8 mp.
Unknown command.
You hit the hound but do no damage. Your kick misses the hound.
The hound bites you.
* * * LOW HITPOINT WARNING * * *
😱 HP[-2]
You take 2 damage, and now have 2/37 hp.
Unknown command.
You hit the hound but do no damage.
The hound bites you but does no damage. 😱 HP[+1] Unknown command.
You hit the hound but do no damage. You kick the hound.
The hound closely misses you.
You completely miss the hound. You kick the hound.
The hound bites you but does no damage.
Unknown command.
You barely miss the hound. Your kick misses the hound. The hound bites you.
You die...

Skill      XL: |  1  2  3 |
---------------+----------+-----
Fighting       | 2 |  2.9
Spellcasting   | 3 |  3.1
Air Magic      | 6 |  6.0
Armour         | |  1.2
Stealth        | |  1.0

Action                   |  1- 3 |  4- 6 || total
-------------------------+-------+-------++-------
Melee: Club              |    11 |       ||    11
       Punch             |     1 |       ||     1
       Dagger            |    37 |     5 ||    42
       Kick              |       |     2 ||     2
 Cast: Shock             |    79 |    19 ||    98
 Abil: Hop               |     2 |     1 ||     3
  Use: Scroll            |     1 |     2 ||     3
       Potion            |       |     4 ||     4
Armor: Leather armour    |    16 |     5 ||    21
Dodge: Dodged            |    42 |    14 ||    56

Levels and vault maps discovered:
D:1:      arrival_aquarium_a, layout_basic
D:2:      layout_basic, nicolae_titane, uniq_sigmund
D:3:      layout_loops_ring, dancing_weapons_uskayaw, uniq_jessica, uniq_robin,
          uniq_grinder

Notes
Turn   | Place    | Note
-------+----------+-------------------------------------------
     0 | D:1      | MackTheKnife the Barachi Wanderer began the quest for the
                  | Orb.
     0 | D:1      | MackTheKnife set off with the following items: a +0 club
                  | {mace}, a +0 ring mail, a scroll of teleportation {@r4}, a
                  | scroll of fog; and the following spell memorised: Shock;
                  | and the following spells available to memorise: Cigotuvi's
                  | Dreadful Rot, Airstrike.
     0 | D:1      | Reached XP level 1. HP: 15/15 MP: 3/3
     0 | D:1      | magus.rc [v1.9.6]
     0 | D:1      | Noticed an electric eel
   256 | D:1      | HP: 3/15 [quokka (1)]
   314 | D:1      | Reached XP level 2. HP: 22/22 MP: 3/5
   478 | D:1      | Reached skill level 2 in Fighting
   984 | D:1      | Reached XP level 3. HP: 27/27 MP: 2/7
  1378 | D:2      | Noticed Sigmund
  1557 | D:2      | You pick up a book of Geomancy and begin reading...
  1557 | D:2      | You add the spells Sandblast, Passwall and Stone Arrow to
                  | your library.
  1596 | D:2      | Reached skill level 3 in Spellcasting
  1957 | D:3      | Reached skill level 6 in Air Magic
  1958 | D:3      | Reached XP level 4. HP: 34/34 MP: 3/8
  1963 | D:3      | Learned a level 4 spell: Airstrike
  1973 | D:3      | Noticed Robin
  1978 | D:3      | Killed Robin
  2107 | D:2      | HP: 6/34 [hound (3)]
  2108 | D:2      | HP: 2/34 [hound (4)]
  2118 | D:2      | HP: 4/34 [hound (2)]
  2120 | D:2      | Gained mutation: You have large cloven feet. [potion of
                  | mutation]
  2120 | D:2      | Gained mutation: Your spells are a little easier to cast,
                  | but a little less powerful. [potion of mutation]
  2120 | D:2      | Gained mutation: You are robust. (+10% HP) [potion of
                  | mutation]
  2124 | D:2      | HP: 2/37 [hound (2)]
  2128 | D:2      | Slain by a hound

Vanquished Creatures
  Robin (D:3)
  An adder (D:2)
  A worm (D:2)
  A dart slug (D:2)
  4 ball pythons
  5 bats
  4 endoplasms
  A giant cockroach (D:1)
  4 goblins
  8 hobgoblins
  5 quokkas
  A frilled lizard (D:1)
  4 kobolds
  5 rats
45 creatures vanquished.

Table legend:
 A = Non-vault XP
 B = Vault XP
 C = Vault XP percentage of total XP
 D = Non-vault monster count
 E = Vault monster count
 F = Vault count percentage of total count
                 A         B        C        D         E       F
            +---------+---------+-------+---------+---------+-------
      Total |      79 |      28 |  26.2 |      38 |       7 |  15.6
            +---------+---------+-------+---------+---------+-------
        D:1 |      37 |       0 |   0.0 |      22 |       0 |   0.0
        D:2 |      42 |       0 |   0.0 |      16 |       0 |   0.0
        D:3 |       0 |      28 | 100.0 |       0 |       7 | 100.0
            +---------+---------+-------+---------+---------+-------

Illustrated notes

Table legend:
 A = Kills in this place as a percentage of kills in entire the game.
 B = Kills by you in this place as a percentage of kills by you in the entire game.
 C = Kills by friends in this place as a percentage of kills by friends in the entire game.
 D = Other kills in this place as a percentage of other kills in the entire game.
 E = Experience gained in this place as a percentage of experience gained in the entire game.
 F = Experience gained in this place divided by the number of levels of this place that you have seen.
                   A       B       C       D       E      F
               +-------+-------+-------+-------+-------+----------------------
         Total | 100.0 | 100.0 |   N/A |   N/A | 100.0 |  35.7
       Dungeon | 100.0 | 100.0 |   N/A |   N/A | 100.0 |  35.7
               +-------+-------+-------+-------+-------+----------------------

Table legend: (Time is in decaauts)
 A = Elapsed time spent in this place.
 B = Non-inter-level travel time spent in this place.
 C = Inter-level travel time spent in this place.
 D = Time resting spent in this place.
 E = Time spent auto-exploring this place.
 F = Levels seen in this place.
 G = Mean time per level.
                   A        B        C        D        E       F      G
               +--------+--------+--------+--------+--------+-----+--------+
         Total |   2306 |   2239 |     67 |    499 |   1199 |   3 |  768.7 |
       Dungeon |   2306 |   2239 |     67 |    499 |   1199 |   3 |  768.7 |
               +--------+--------+--------+--------+--------+-----+--------+

Top non-repeatable levels by time:
     D:1: 1297 daAuts
     D:2: 941 daAuts
     D:3: 67 daAuts
